 Dungeon Crawl Stone Soup version 0.30-a0-626-gd6a5dd7a1f (webtiles) character file.

Game seed: 14685188736012430828

42505 Oxelix the Unseen (level 13, -7/65 HPs)
             Began as a Spriggan Brigand on Jan 11, 2023.
             Was a Priest of Dithmenos.
             Mangled by a white ugly thing (48 damage)
             ... on level 15 of the Dungeon.
             The game lasted 00:58:14 (17864 turns).

Oxelix the Unseen (Spriggan Brigand)               Turns: 17864, Time: 00:58:15

Health: -7/65      AC: 14    Str:  6    XL:     13   Next: 85%
Magic:  12/14      EV: 29    Int: 11    God:    Dithmenos [***...]
Gold:   775        SH:  0    Dex: 23    Spells: 12/12 levels left

rFire   + . .      SeeInvis +    x - +8 short sword (venom)
rCold   x . .      Faith    +    (no shield)
rNeg    + . .      Spirit   .    T - +1 troll leather armour {Snorg}
rPois   +          Reflect  .    t - +2 hat
rElec   .          Harm     .    H - +2 ratskin cloak {*Rats rPois rN+ Str-1 Int-1 Dex+1}
rCorr   .          Rampage  .    (gloves unavailable)
Will    ++...                    (boots unavailable)
Stlth   ++++++++++               l - amulet of faith
HPRegen 1.10/turn                R - +4 ring of protection
MPRegen 0.14/turn                A - ring of fire

@: wreathed by umbra, studying Ice Magic, very quick
A: very small, no large weapons, unfitting armour, see invisible, speed 3
a: Renounce Religion, Shadow Step


You were on level 15 of the Dungeon.
You worshipped Dithmenos.
Dithmenos was most pleased with you.
You visited 2 branches of the dungeon, and saw 16 of its levels.
You also visited: Sewer.

You collected 1041 gold pieces.
You spent 266 gold pieces at shops.

Inventory:

Hand Weapons
 c - a +1 shortbow of flaming
 d - a +2 scimitar of flaming
 x - a +8 short sword of venom (weapon)
 U - the +7 whip of Emased {flame, rC+}
   (You found it on level 12 of the Dungeon)

   rC:        It protects you from cold.
Missiles
 b - 6 poisoned darts (quivered)
 k - a curare-tipped dart
 C - 4 datura-tipped darts
Armour
 t - a +2 hat (worn)
 G - +0 storm dragon scales
 H - the +2 ratskin cloak (worn) {*Rats rPois rN+ Str-1 Int-1 Dex+1}
   (You found it on level 7 of the Dungeon)

   When the wearer is hurt, rats may emerge from it to assist them.
   Str:       It affects your strength (-1).
   Int:       It affects your intelligence (-1).
   Dex:       It affects your dexterity (+1).
   rPois:     It protects you from poison.
   rN:        It protects you from negative energy.
 M - a +2 robe of the Archmagi
 Q - +0 acid dragon scales
 T - a +1 troll leather armour (worn) {Snorg}
 V - an orb of wrath
Magical Staves
 h - a staff of death
 O - a staff of fire
Jewellery
 a - a ring of magical power
 l - an amulet of faith (around neck)
 y - a +6 ring of strength
 A - a ring of fire (right hand)
 L - an amulet of guardian spirit
 R - a +4 ring of protection (left hand)
 W - an amulet of regeneration
Wands
 j - a wand of digging (2)
 n - a wand of paralysis (30)
 B - a wand of flame (29)
 F - a wand of acid (13)
 J - a wand of polymorph (8)
Scrolls
 f - a scroll of noise {unknown}
 g - 2 scrolls of blinking {unknown}
 i - 5 scrolls of teleportation
 m - 4 scrolls of magic mapping {unknown}
 D - 2 scrolls of immolation {unknown}
 K - 4 scrolls of fear {unknown}
 N - 2 scrolls of acquirement {unknown}
 P - 2 scrolls of amnesia {unknown}
 S - 3 scrolls of vulnerability {unknown}
 X - a scroll of poison {unknown}
 Y - a scroll of identify
Potions
 e - 3 potions of heal wounds
 o - 4 potions of haste
 p - 3 potions of brilliance
 q - 4 potions of magic
 r - 5 potions of mutation
 s - 3 potions of might
 u - 2 potions of attraction {unknown}
 v - 7 potions of curing
 w - 3 potions of resistance {unknown}
 z - 2 potions of invisibility {unknown}
 E - a potion of flight {unknown}
 I - a potion of lignification {unknown}


   Skills:
 - Level 5.9 Fighting
 - Level 10.0 Short Blades
 * Level 8.8 Ranged Weapons
 - Level 14.4 Throwing
 - Level 13.6 Dodging
 - Level 19.1 Stealth
 + Level 6.0 Evocations


You had 12 spell levels left.
You didn't know any spells.
Your spell library contained the following spells:

 Spells                   Type           Power      Damage    Failure   Level
 Swiftness                Air            0%         N/A       86%         3
 Silence                  Hex/Air        0%         N/A       100%        5
 Conjure Ball Lightning   Conj/Air       0%         3x3d6     100%        6
 Discord                  Hex            0%         N/A       100%        8
 Disjunction              Tloc           0%         N/A       100%        8


Dungeon Overview and Level Annotations

Branches:
Dungeon (15/15)            Temple (1/1) D:6            Lair (0/5) D:11
    Orc (0/2) D:10         Vaults (0/5) D:13          Sewer (visited)
 Depths: D:15

Altars:
Ashenzari
Cheibriados
Dithmenos
Elyvilon
Fedhas
Gozag
Hepliaklqana
Kikubaaqudgha
Makhleb
Nemelex Xobeh
Okawaru
Qazlal
Ru
Sif Muna
Trog
Uskayaw
Vehumet
Wu Jian
Xom
Yredelemnul
Zin
The Shining One

Shops:
D:12 [

Portals:
Ice
Cave: D:15

Annotations:
D:3 3 runed translucent doors, Zigma's ghost, amateur OpMo


Innate Abilities, Weirdness & Mutations

You are very small and have problems with some larger weapons.
You are too small for most types of armour.
You have supernaturally acute eyesight. (SInv)
You cover ground extremely quickly. (Speed+++)


Message History

The red very ugly thing completely misses you.
You barely miss the red very ugly thing.
The red very ugly thing is lightly wounded.
The red very ugly thing trunk-slaps you but does no damage.
The red ugly thing basks in the mutagenic energy from its kin and changes!
The red very ugly thing completely misses you.
You hit the red very ugly thing but do no damage.
The red very ugly thing is lightly wounded.
You hit the red very ugly thing.
The red very ugly thing looks as sick as possible!
The red very ugly thing is lightly wounded.
The red very ugly thing barely misses you.
You puncture the red very ugly thing!
The red very ugly thing looks as sick as possible!
The red very ugly thing is moderately wounded.
You puncture the red very ugly thing!
The red very ugly thing is moderately wounded.
The red very ugly thing trunk-slaps you!
You barely miss the red very ugly thing.
The red very ugly thing is moderately wounded.
You barely miss the white ugly thing.
The red very ugly thing barely misses you.
You puncture the white ugly thing!
The white ugly thing is lightly wounded.
The white ugly thing closely misses you.
The white ugly thing misses you.
There is a stone staircase leading up here.
The white ugly thing basks in the mutagenic energy from its kin and changes!
You climb upwards.
There is a stone staircase leading down here.
You climb downwards.
You feel a wave of frost pass over you.
There is an entrance to an ice cave on this level.
Hurry and find it before the portal melts!
You hear a distant snort.
Hark!
There is a gateway to a gauntlet on this level.
Find the entrance quickly before the gate is sealed!
The red very ugly thing trunk-slaps you!
The white ugly thing gores you. The white ugly thing freezes you!!!
You feel a terrible chill!
Ouch! That really hurt!
You die...

#............
#........#.#.#.
#..............
#########..............
.......................
............u..........
.......†...............
............u.u.......#
.......[.....@u.....###
#####################


You could see a red very ugly thing (very poisoned) and 3 ugly things.

Vanquished Creatures
  Snorg (D:11)
  Erolcha (D:9)
  A great orb of eyes (D:14)
  7 vault guards (D:13)
  A catoblepas (D:13)
  3 boulder beetles
  5 centaur warriors
  7 two-headed ogres
  A tengu warrior (D:10)
  Nergalle (D:11)
  A skeletal warrior (D:10)
  Pikel (D:9)
  An orc knight (D:13)
  3 wizards
  3 deep elf pyromancers (D:14)
  5 cyclopes
  5 manticores
  6 ugly things
  Maurice (D:8)
  2 gargoyles
  An unseen horror (D:11)
  3 tengu conjurers (D:14)
  An efreet (D:13)
  3 meliai (D:13)
  A dream sheep (shapeshifter) (D:14)
  3 wraiths
  3 shadows
  A wyvern (D:8)
  A vampire (D:11)
  13 yaks
  A basilisk (D:11)
  2 steam dragons (D:7)
  2 redbacks (shapeshifter) (D:13)
  10 vampire mosquitoes
  A warg (D:13)
  A water moccasin (D:8)
  3 acid dragons
  Duvessa (D:5)
  Pargi (Sewer)
  12 orc warriors
  An ice beast (D:7)
  2 sky beasts (D:7)
  A black bear (D:11)
  2 ogres (D:5)
  13 centaurs
  2 phantoms
  A kobold brigand (D:7)
  A gnoll sergeant (D:9)
  3 bullfrogs
  3 necrophages
  6 scorpions
  5 wights
  Dowan (D:5)
  5 killer bees (D:11)
  A howler monkey (D:7)
  2 gnoll boudas
  10 orc priests
  6 hounds
  4 iguanas
  A jelly (D:7)
  Jessica (D:2)
  14 orc wizards
  A hell rat (D:7)
  11 gnolls
  22 river rats
  6 adders
  A shadow imp (D:7)
  A white imp (D:7)
  An ufetubus (D:4)
  A dart slug (D:1)
  43 orcs
  6 bats
  4 endoplasms
  9 giant cockroaches
  8 goblins
  13 hobgoblins
  3 jackals (D:2)
  4 quokkas
  11 ball pythons
  8 frilled lizards
  17 kobolds
  6 rats
  2 butterflies (D:10)
383 creatures vanquished.

Vanquished Creatures (collateral kills)
  A two-headed ogre (D:14)
  An ugly thing (D:10)
  An elephant (D:11)
  A sky beast (D:8)
  A centaur (D:8)
  A gnoll bouda (D:9)
  4 gnolls
  2 orcs (D:10)
  A butterfly (D:10)
13 creatures vanquished.

Vanquished Creatures (others)
  An orc warrior (D:13)
  A fungus (D:11)
2 creatures vanquished.

Grand Total: 398 creatures vanquished

Notes
Turn   | Place    | Note
-------+----------+-------------------------------------------
     0 | D:1      | Oxelix the Spriggan Brigand began the quest for the Orb.
     0 | D:1      | Reached XP level 1. HP: 10/10 MP: 2/2
    60 | D:1      | Reached skill level 6 in Stealth
   340 | D:1      | Reached XP level 2. HP: 14/14 MP: 3/3
   681 | D:1      | Reached skill level 7 in Stealth
   703 | D:1      | Reached XP level 3. HP: 12/18 MP: 4/4
  1755 | D:2      | Noticed Jessica
  1764 | D:2      | Killed Jessica
  1765 | D:2      | Reached skill level 8 in Stealth
  1765 | D:2      | Reached XP level 4. HP: 22/22 MP: 5/5
  2054 | D:3      | Found a runed translucent gate.
  2055 | D:3      | Found a runed translucent gate.
  2057 | D:3      | Found a runed translucent gate.
  2163 | D:3      | Found a stormy altar of Qazlal.
  2500 | D:3      | Noticed Zigma's ghost (amateur OpMo)
  3072 | D:4      | Reached XP level 5. HP: 22/25 MP: 6/6
  3444 | D:4      | Reached skill level 9 in Stealth
  3693 | D:4      | Found a glowing drain.
  3697 | Sewer    | Entered a sewer
  3846 | Sewer    | Noticed Pargi
  3900 | Sewer    | Killed Pargi
  3901 | Sewer    | Reached XP level 6. HP: 17/30 MP: 7/7
  4108 | D:4      | Reached skill level 10 in Stealth
  4225 | D:4      | Found an iron altar of Okawaru.
  4258 | D:4      | Found a shimmering altar of Xom.
  4287 | D:4      | Found Zin's Purification Station.
  4292 | D:4      | Found a glowing silver altar of Zin.
  4298 | D:4      | Bought a potion of curing for 90 gold pieces
  4478 | D:5      | Entered Level 5 of the Dungeon
  4606 | D:5      | Noticed Duvessa
  4609 | D:5      | Killed Duvessa
  4610 | D:5      | Reached XP level 7. HP: 33/33 MP: 8/8
  4610 | D:5      | Noticed Dowan
  4670 | D:5      | Reached skill level 5 in Short Blades
  4670 | D:5      | Reached skill level 11 in Stealth
  4803 | D:5      | Killed Dowan
  5023 | D:5      | Noticed a two-headed ogre
  5023 | D:5      | Noticed a shadow
  5113 | D:5      | Killed a two-headed ogre
  5114 | D:5      | Reached skill level 13 in Stealth
  5114 | D:5      | Reached XP level 8. HP: 37/37 MP: 9/9
  5186 | D:5      | Reached skill level 5 in Throwing
  5709 | D:6      | Reached XP level 9. HP: 41/41 MP: 10/10
  5824 | D:6      | Found an opulent altar of Gozag.
  5980 | D:6      | Found a staircase to the Ecumenical Temple.
  6000 | Temple   | Entered the Ecumenical Temple
  6040 | Temple   | Became a worshipper of Dithmenos the Shadowed
  6207 | D:7      | Noticed a two-headed ogre
  6213 | D:7      | Reached skill level 5 in Dodging
  6269 | D:7      | Killed a two-headed ogre
  6803 | D:7      | Reached * piety under Dithmenos
  6804 | D:7      | Reached XP level 10. HP: 46/46 MP: 11/11
  6816 | D:7      | Noticed a manticore
  6861 | D:7      | Killed a manticore
  6969 | D:7      | Found a burning altar of Makhleb.
  7461 | D:7      | Found the +2 ratskin cloak {*Rats rPois rN+ Str-1 Int-1
                  | Dex+1}
  7483 | D:7      | Reached ** piety under Dithmenos
  7711 | D:8      | Found a blossoming altar of Fedhas.
  7858 | D:8      | Noticed a two-headed ogre
  7865 | D:8      | Killed a two-headed ogre
  7866 | D:8      | Reached skill level 10 in Throwing
  7866 | D:8      | Reached skill level 10 in Dodging
  8147 | D:8      | Noticed Maurice
  8222 | D:8      | Killed Maurice
  8368 | D:8      | Reached *** piety under Dithmenos
  8670 | D:9      | Noticed Pikel
  8691 | D:9      | Killed Pikel
  8692 | D:9      | Reached skill level 10 in Short Blades
  8750 | D:9      | Noticed Erolcha
  8792 | D:9      | Killed Erolcha
  8793 | D:9      | Reached XP level 11. HP: 49/49 MP: 12/12
  9431 | D:9      | Reached **** piety under Dithmenos
  9652 | D:10     | Entered Level 10 of the Dungeon
  9663 | D:10     | Noticed a two-headed ogre
  9805 | D:10     | Noticed a red ugly thing
  9864 | D:10     | Killed a two-headed ogre
  9954 | D:10     | Found a runed translucent door.
  9956 | D:10     | Found a runed translucent door.
 10349 | D:10     | Noticed a tengu warrior
 10352 | D:10     | Noticed a skeletal warrior
 10355 | D:10     | Noticed a centaur warrior
 10359 | D:10     | Noticed a wizard
 10378 | D:10     | Noticed a purple ugly thing
 10379 | D:10     | Killed a centaur warrior
 10562 | D:10     | Killed a wizard
 10891 | D:10     | Killed a skeletal warrior
 11138 | D:10     | Killed a red ugly thing
 11156 | D:10     | Killed a tengu warrior
 11218 | D:10     | Killed a purple ugly thing
 11219 | D:10     | Reached skill level 14 in Stealth
 11325 | D:10     | Found a staircase to the Orcish Mines.
 11596 | D:11     | Noticed Snorg
 11712 | D:11     | Killed Snorg
 11797 | D:11     | Got the Codex of the Tempest
 11857 | D:11     | Noticed a two-headed ogre
 11875 | D:11     | Killed a two-headed ogre
 11876 | D:11     | Reached XP level 12. HP: 58/58 MP: 13/13
 11918 | D:11     | Found a staircase to the Lair.
 11918 | D:11     | Noticed a boulder beetle
 11935 | D:11     | Reached skill level 15 in Stealth
 11942 | D:11     | Killed a boulder beetle
 12333 | D:11     | Noticed Nergalle
 12407 | D:11     | Killed Nergalle
 12540 | D:10     | Reached skill level 5 in Fighting
 12540 | D:10     | Reached skill level 16 in Stealth
 12873 | D:12     | Identified the +7 whip of Emased {flame, rC+}
 12886 | D:12     | Noticed a two-headed ogre
 12892 | D:12     | Killed a two-headed ogre
 12913 | D:12     | Noticed a boulder beetle
 12935 | D:12     | Killed a boulder beetle
 12976 | D:12     | Noticed a boulder beetle
 13023 | D:12     | Killed a boulder beetle
 13075 | D:12     | Reached skill level 17 in Stealth
 13203 | D:12     | Noticed a two-headed ogre
 13209 | D:12     | Killed a two-headed ogre
 13644 | D:12     | Found Zoriydeos's Armour Shoppe.
 13652 | D:12     | Bought a +2 hat for 176 gold pieces
 14220 | D:13     | Noticed a catoblepas
 14454 | D:13     | Noticed a centaur warrior
 14478 | D:13     | Killed a centaur warrior
 14743 | D:13     | Noticed a centaur warrior
 14819 | D:13     | Killed a catoblepas
 14820 | D:13     | Reached skill level 18 in Stealth
 14908 | D:13     | Killed a centaur warrior
 15071 | D:13     | Reached XP level 13. HP: 38/65 MP: 14/14
 15317 | D:13     | Found a gate to the Vaults.
 15379 | D:13     | Reached skill level 19 in Stealth
 15446 | D:13     | Reached skill level 1 in Ranged Weapons
 16120 | D:13     | Reached skill level 5 in Ranged Weapons
 16216 | D:13     | Reached skill level 1 in Evocations
 17258 | D:14     | Reached skill level 5 in Evocations
 17686 | D:15     | Entered Level 15 of the Dungeon
 17691 | D:15     | Noticed a white very ugly thing
 17838 | D:15     | Found a frozen archway.
 17864 | D:15     | Mangled by a white ugly thing

Illustrated notes

Levels and vault maps discovered:
D:1:      dpeg_arrival_round_a, layout_basic
D:2:      layout_loops_cross, uniq_jessica
D:3:      layout_basic, mainiacjoe_overflow_concentric_impassable,
          gammafunk_ghost_icy
D:4:      layout_rooms, xom_teletrap_fun, lemuel_doored_altar, zin_purify,
          gup_sewer_entry_bowl, kennysheep_generic_room_16
D:5:      nicolae_cairo_tiling_large_dashed, layout_loops_ring,
          serial_bayou_pond_c, minmay_manual_moon, uniq_duvessa
D:6:      layout_rooms, nicolae_gozag_cash_rules_everything_around_me,
          minmay_temple_entry_drinking_statues
D:7:      wander_guarded_unrand_ratskin, layout_basic, lemuel_round_altar,
          minmay_manual_monolith
D:8:      layout_loops_ring, fedhas_bush_and_centaur_altar,
          hangedman_minor_gate_pass, uniq_maurice
D:9:      layout_cross, uniq_erolcha, uniq_pikel
D:10:     lemuel_insect_pit, layout_rooms, david_orc_5, serial_park_tiny_pond,
          grunt_tough_drop
D:11:     layout_loops_corners, david_lair_generic, uniq_snorg, uniq_nergalle
D:12:     layout_layer_cave, kennysheep_crisscross, minmay_shop_grid_forest,
          minivault_19
D:13:     layout_loops_corners, erik_vaults_2
D:14:     layout_long_grid, grunt_ministairs_8, minmay_fractal_squares_gapless_7
D:15:     hangedman_depths_entry_civil_slaughter, layout_irregular_city,
          serial_bayou_pond_c, gauntlet_entry_generic,
          portal_ice_cave_entry_ugly_swarm, uniq_azrael
Temple:   minmay_freezing_vapour_temple

Skill      XL: |  1  2  3  4  5  6  7  8  9 10 11 12 13 |
---------------+----------------------------------------+-----
Stealth        | 6 7 8 9 10 13 14 18 19 | 19.1
Short Blades   | 3 4 6 7 8 10 | 10.0
Throwing       | 3 4 6 8 11 13 14 | 14.4
Dodging        | 2 8 11 13 | 13.6
Fighting       | 4 5 |  5.9
Ranged Weapons | 8 |  8.8
Evocations     | 6 |  6.0

Action                   |  1- 3 |  4- 6 |  7- 9 | 10-12 | 13-15 || total
-------------------------+-------+-------+-------+-------+-------++-------
Melee: Dagger            |   109 |   246 |       |       |       ||   355
       Punch             |       |     3 |     1 |     6 |     3 ||    13
       Short sword       |       |       |   105 |   561 |   319 ||   985
 Fire: Shortbow          |       |       |       |     2 |     8 ||    10
Throw: Dart              |    36 |    42 |    41 |   152 |    22 ||   293
       Boomerang         |       |       |       |   112 |       ||   112
Invok: Shadow Step       |       |       |       |     7 |     7 ||    14
Evoke: Wand              |       |     2 |       |     1 |     3 ||     6
  Use: Scroll            |       |       |       |     7 |       ||     7
 Stab: Sleeping          |    12 |    14 |    19 |    40 |    14 ||    99
       Distracted        |     1 |       |     3 |     2 |     3 ||     9
       Paralysed         |       |     1 |       |       |       ||     1
Armor: Robe              |    25 |    29 |     6 |    12 |       ||    72
       Troll leather arm |       |       |       |    37 |    34 ||    71
Dodge: Dodged            |    93 |   201 |    46 |   527 |   186 ||  1053

Table legend: (Time is in decaauts)
 A = Elapsed time spent in this place.
 B = Non-inter-level travel time spent in this place.
 C = Inter-level travel time spent in this place.
 D = Time resting spent in this place.
 E = Time spent auto-exploring this place.
 F = Levels seen in this place.
 G = Mean time per level.
                   A        B        C        D        E       F      G
               +--------+--------+--------+--------+--------+-----+--------+
         Total |  12333 |  12009 |    324 |   1901 |   5764 |  17 |  725.5 |
       Dungeon |  12001 |  11679 |    322 |   1882 |   5649 |  15 |  800.1 |
        Temple |     30 |     28 |      2 |      0 |     12 |   1 |   30.0 |
         Sewer |    301 |    301 |      0 |     19 |    102 |   1 |  301.0 |
               +--------+--------+--------+--------+--------+-----+--------+

Top non-repeatable levels by time:
    D:13: 1590 daAuts
    D:10: 1346 daAuts
     D:7: 1040 daAuts
     D:4: 924 daAuts
    D:12: 913 daAuts
    D:14: 899 daAuts
     D:1: 834 daAuts
    D:11: 819 daAuts
     D:9: 782 daAuts
     D:8: 692 daAuts
     D:5: 624 daAuts
     D:3: 580 daAuts
     D:2: 494 daAuts
     D:6: 406 daAuts
   Sewer: 301 daAuts
